 Dungeon Crawl Stone Soup version 0.28.0-53-g5a82cb258f (webtiles) character file.

Game seed: 15474245716928251960

64 Tirrikindir the Skirmisher (level 4, -3/29 HPs)
             Began as a Gargoyle Fighter on Aug 15, 2022.
             Was a Believer of Qazlal.
             Killed by nerve-wracking pain
             ... invoked by Jessica
              (6 damage)
             ... on level 3 of the Dungeon.
             The game lasted 00:04:02 (1926 turns).

Tirrikindir the Skirmisher (Gargoyle Fighter)       Turns: 1926, Time: 00:04:03

Health: -3/29      AC: 10    Str: 19    XL:     4   Next: 12%
Magic:  4/4        EV:  9    Int:  9    God:    Qazlal [**....]
Gold:   93         SH:  7    Dex: 11    Spells: 3/3 levels left

rFire   + . .      SeeInvis .   a - +0 flail
rCold   . . .      Faith    .   c - +0 buckler
rNeg    + . .      Spirit   .   b - +0 scale mail
rPois   ∞          Reflect  .   (no helmet)
rElec   +          Harm     .   (no cloak)
rCorr   +          Rampage  .   (no gloves)
Will    .....                   (no boots)
Stlth   ..........              (no amulet)
HPRegen 0.09/turn               e - ring of resist corrosion
MPRegen 0.09/turn               f - ring of protection from fire

@: no status effects
A: sickness immunity, AC +3, negative energy resistance 1, electricity
resistance, torment resistance 1, petrification resistance
a: Renounce Religion, Upheaval


You were on level 3 of the Dungeon.
You worshipped Qazlal.
Qazlal was pleased with you.
You visited 1 branch of the dungeon, and saw 3 of its levels.

You collected 93 gold pieces.

Inventory:

Hand Weapons
 a - a +0 flail (weapon)
Armour
 b - a +0 scale mail (worn)
 c - a +0 buckler (worn)
Jewellery
 e - a ring of resist corrosion (left hand)
 f - a ring of protection from fire (right hand)
Potions
 d - a potion of might


   Skills:
 + Level 3.7 Fighting
 * Level 2.7 Maces & Flails
 + Level 3.6 Armour
 + Level 0.6 Dodging
 + Level 3.6 Shields
 + Level 1.2 Invocations


You had 3 spell levels left.
You didn't know any spells.
Your spell library contained the following spells:

 Spells                   Type           Power      Damage    Failure   Level
 Blink                    Tloc           0%         N/A       93%         2
 Scorch                   Fire           0%         2d5       93%         2
 Lesser Beckoning         Tloc           0%         N/A       99%         3
 Flame Wave               Conj/Fire      0%         2d4       100%        4
 Manifold Assault         Tloc           0%         N/A       100%        5
 Summon Cactus Giant      Summ           0%         N/A       100%        6


Dungeon Overview and Level Annotations

Branches:
Dungeon (3/15)

Altars:
Qazlal

Annotations:
D:3 Jessica


Innate Abilities, Weirdness & Mutations

You are immune to sickness and miasma.
Your stone body is resilient. (AC +3)
You are immune to poison.
You resist negative energy. (rN+)
You are resistant to electric shocks. (rElec)
You are resistant to unholy torment.
You are immune to petrification.


Message History

You see here 6 gold pieces.
You barely miss Jessica.
Jessica is heavily wounded.
Jessica mumbles some strange words.
Jessica blinks!
You closely miss Jessica.
Jessica is heavily wounded.
Jessica hits you but does no damage.
Jessica mumbles some strange words.
Jessica blinks!
You closely miss Jessica.
Jessica is heavily wounded.
You block Jessica's attack. x2
You hit Jessica.
Jessica is almost dead.
Jessica casts a spell at you. Pain shoots through your body!
Jessica gestures at you while chanting. Pain shoots through your body!
* * * LOW HITPOINT WARNING * * *
You closely miss Jessica.
Jessica is almost dead.
Jessica casts a spell.
Jessica blinks!
Jessica mumbles some strange words.
Jessica blinks!
Jessica zaps a wand.
The puff of flame hits you. You resist.
* * * LOW HITPOINT WARNING * * *
Okay, then.
As you read the scroll labelled TIRUPHUYLY, it crumbles to dust.
It is a scroll of identify.
You don't have any unidentified items.
Jessica is no longer moving quickly.
Jessica looks very angry.
Jessica casts a spell at you. You resist with some effort.
Jessica zaps a wand.
The puff of flame misses you.
Okay, then.
Jessica gestures at you while chanting. Pain shoots through your body!
You die...

##.## #...#
#...# #...#
##### #.⌠.#
#...#
####...###.<.#
#....@.......#
#.8........###
#...☼@....(#
####.......####
#....°.....#
###....$...8.#
#............#
#.>.###...####
#...# #.⌠.#
##### #...#
#...#


You could see Jessica.

Vanquished Creatures
  Robin (D:2)
  An adder (D:2)
  A dart slug (D:2)
  3 ball pythons
  2 bats (D:2)
  4 endoplasms
  3 giant cockroaches
  11 goblins
  3 hobgoblins (D:2)
  A quokka (D:2)
  3 kobolds
  4 rats
37 creatures vanquished.

Notes
Turn   | Place    | Note
-------+----------+-------------------------------------------
     0 | D:1      | Tirrikindir the Gargoyle Fighter began the quest for the
                  | Orb.
     0 | D:1      | Reached XP level 1. HP: 14/14 MP: 1/1
   288 | D:1      | Found a faded altar of an unknown god.
   291 | D:1      | Prayed at the altar of an unknown god.
   291 | D:1      | Became a worshipper of Qazlal Stormbringer
   291 | D:1      | Reached * piety under Qazlal
   317 | D:1      | Found Itzistuw's Antique Armour Boutique.
   523 | D:1      | Reached XP level 2. HP: 19/19 MP: 2/2
  1137 | D:2      | Reached XP level 3. HP: 20/23 MP: 3/3
  1231 | D:2      | Noticed Robin
  1264 | D:2      | Reached skill level 1 in Invocations
  1271 | D:2      | Killed Robin
  1271 | D:2      | Reached ** piety under Qazlal
  1583 | D:2      | Reached XP level 4. HP: 27/29 MP: 4/4
  1885 | D:3      | Noticed Jessica
  1926 | D:3      | Killed from afar by Jessica

Illustrated notes

Levels and vault maps discovered:
D:1:      sevenhm_arrival_forest_fort_large_2, layout_loops_corners,
          serial_shops, nicolae_shop_hallway_plus,
          shapermc_ecumenical_altar_mp_vishouse, minmay_misc_feat_doors
D:2:      layout_rooms, uniq_robin
D:3:      layout_rooms, st_stairs_10, kennysheep_path_1,
          nicolae_elevator_lobby_asterisk, uniq_jessica

Skill      XL: |  1  2  3 |
---------------+----------+-----
Invocations    | 1 |  1.2
Fighting       | |  3.7
Maces & Flails | |  2.7
Armour         | |  3.6
Dodging        | |  0.6
Shields        | |  3.6

Action                   |  1- 3 |  4- 6 || total
-------------------------+-------+-------++-------
Melee: Flail             |    93 |    28 ||   121
  Use: Scroll            |       |     1 ||     1
Armor: Scale mail        |    72 |    11 ||    83
Dodge: Dodged            |    63 |    15 ||    78
Block: Buckler           |    35 |    10 ||    45
